 Dungeon Crawl Stone Soup version 0.20-a0-733-gf92fd71 (webtiles) character file.

107 presbutan the Slasher (level 5, -1/41 HPs)
             Began as a Formicid Fighter on Feb 22, 2017.
             Killed by divine providence
             ... invoked by an orc priest
              (13 damage)
             ... on level 3 of the Dungeon.
             The game lasted 00:04:18 (1835 turns).

presbutan the Slasher (Formicid Fighter)            Turns: 1835, Time: 00:04:18

Health: -1/41      AC:  6    Str: 27    XL:     5   Next: 11%
Magic:  5/5        EV:  8    Int:  7    God:
Gold:   106        SH: 11    Dex: 10    Spells: 4/4 levels left

rFire    . . .     SeeInvis +   a - +0 long sword
rCold    . . .     Gourm    .   b - +0 scale mail
rNeg     . . .     Faith    +   c - +1 shield
rPois    .         Spirit   .   (helmet unavailable)
rElec    .         Reflect  .   (no cloak)
rCorr    .         Harm     .   (no gloves)
MR       .....                  (no boots)
Stlth    ..........             y - amulet of faith
Regen    0.2/turn               (no ring)
MPRegen  0.1/turn               (no ring)

@: mighty, lethally poisoned (-1 -> -2)
A: permanent stasis, dig shafts and tunnels, four strong arms, antennae 3
a: Dig, Shaft Self


You were on level 3 of the Dungeon.
You were not hungry.

You visited 1 branch of the dungeon, and saw 3 of its levels.

You collected 106 gold pieces.

Inventory:

Hand Weapons
 a - a +0 long sword (weapon)
 l - a +0 hunting sling
Missiles
 g - 68 arrows
 m - 94 stones (quivered)
 t - 9 sling bullets
 u - 22 bolts
Armour
 b - a +0 scale mail (worn)
 c - a +1 shield (worn)
Jewellery
 y - an amulet of faith (around neck)
Potions
 d - a potion of might
 h - a potion of brilliance
 j - 2 potions of curing
 q - a potion of resistance
 s - 2 potions of lignification {unknown}
 v - a potion of heal wounds {unknown}
 z - a potion of degeneration {unknown}
 B - a potion of haste {unknown}
 C - a potion of ambrosia {unknown}
Comestibles
 f - 2 bread rations
 i - 3 meat rations
 n - 10 chunks of flesh
 p - a fruit
 A - a royal jelly


   Skills:
 - Level 3.2 Fighting
 + Level 4.8 Long Blades
 - Level 3.2 Armour
 - Level 3.6 Shields


You had 4 spell levels left.
You didn't know any spells.

Dungeon Overview and Level Annotations

Branches:
Dungeon (3/15)

Altars:
Elyvilon


Innate Abilities, Weirdness & Mutations

You cannot be hasted, slowed, berserked, paralysed or teleported.
You can dig through walls and to a lower floor.
Your four strong arms can wield two-handed weapons with a shield.
You have a pair of large antennae on your head. (SInv)


Message History

You feel sick. The orc misses you.
You slash the orc!
You kill the orc!
The orc hits you but does no damage.
You slash the orc!
You kill the orc!
You block the orc's attack.
Your shield and scale mail prevent you from hitting the orc.
You feel sick. The orc hits you.
You slash the orc!
You kill the orc!
The orc priest hits you but does no damage.
The orc priest hits you with a trident.
* * * LOW HITPOINT WARNING * * *
You block the orc priest's attack.
Items here: ))) [[[ † You barely miss the orc priest.
You block the orc priest's attack.
The orc priest invokes the aid of Beogh against you.
Beogh smites you!
You die...

... { K. ####..
#....# # #....#
.## #...$# ..#
#....# #.# #####
#..o##### #.#
#...#
#.#o@...###.#
#...#
...>...###...#.#
#.... .......#
###...#####....
........#
###.>....^..#
........#
#.#.##.####
###.###.#
#....#...## #.
#.# ##...###...
# #. ##........
. #..###.#.


You could see 2 orc priests.

Vanquished Creatures
  4 adders
  2 oozes (D:1)
  2 leopard geckos
  4 orcs (D:3)
  3 giant cockroaches
  9 goblins
  4 hobgoblins
  6 kobolds
  A quokka (D:2)
  4 bats
  7 frilled lizards
  11 rats
57 creatures vanquished.

Notes
Turn   | Place    | Note
-------+----------+-------------------------------------------
     0 | D:1      | presbutan the Formicid Fighter began the quest for the Orb.
     0 | D:1      | Reached XP level 1. HP: 18/18 MP: 1/1
    40 | D:1      | Reached XP level 2. HP: 16/24 MP: 2/2
   104 | D:1      | Reached skill level 3 in Long Blades
   351 | D:1      | Reached XP level 3. HP: 29/29 MP: 3/3
  1349 | D:2      | Reached skill level 4 in Long Blades
  1349 | D:2      | Reached XP level 4. HP: 30/35 MP: 4/4
  1699 | D:3      | Found a white marble altar of Elyvilon.
  1827 | D:3      | Reached XP level 5. HP: 30/41 MP: 5/5
  1835 | D:3      | Killed from afar by an orc priest

Vault maps used:
D:1:      erik_arrival_gehennom
D:2:      first_bread, minmay_lizard_king
D:3:      cheibrodos_thug_alley, elyvilon_altar_5, corexii_corridor_pit

Skill      XL: |  1  2  3 |
---------------+----------+-----
Long Blades    | 3 4 |  4.8
Fighting       | |  3.2
Armour         | |  3.2
Shields        | |  3.6

Action                   |  1- 3 |  4- 6 || total
-------------------------+-------+-------++-------
Melee: Long sword        |    70 |    80 ||   150
  Use: Scroll            |       |    10 ||    10
       Potion            |       |     1 ||     1
  Eat: Chunk             |     1 |     2 ||     3
Armor: Scale mail        |    23 |    35 ||    58
Dodge: Dodged            |    17 |    28 ||    45
Block: Shield            |    39 |    46 ||    85
       Rpst.: Long sword |     7 |     8 ||    15
